[Event "Early-Titled-Tuesday-Blitz-November-28-2023"]
[Site "Chess.com"]
[Date "2023.11.28"]
[Round "2"]
[White "kingofthenil"]
[Black "ilushka"]
[Result "0-1"]
[WhiteElo "2692"]
[BlackElo "2403"]
[TimeControl "180+1"]
[EndTime "8:17:37 PST"]
[Termination "ilushka won by resignation"]

1. Nf3 d5 2. e3 g6 3. c4 c6 4.
Nc3 Bg7 5. b3 Nf6 6. Bb2 O-O 7.
Be2 Re8 8. d4 Bf5 9. O-O Nbd7 10. Nh4 Ne4 11. Nxf5 gxf5 12. Bd3 e6 13. Ne2 Qh4 14.
g3 Qh6 15. Nf4 Ndf6 16. f3 Nd6 17. Kg2 Rad8 18. Rc1 dxc4 19. bxc4 c5 20. Qa4 cxd4 21. exd4 Nh5 22. Nxh5 Qxh5 23. Qxa7 Qh6 24. f4 Ne4 25. Bxe4 fxe4 26. Rcd1 Ra8 27. Qb6 Rxa2 28. Qxb7 Qh5 29. Rd2 e3 30. Rc2 Qf5 31. Qb3 Qe4+ 32. Kg1 Bxd4 33.
Qxa2 Qxc2 34. Rb1 e2+ 35. Bxd4 Qxa2 36. Re1 0-1

[Event "Early-Titled-Tuesday-Blitz-November-28-2023"]
[Site "Chess.com"]
[Date "2023.11.28"]
[Round "2"]
[White "BigAl"]
[Black "Cayse"]
[Result "0-1"]
[WhiteElo "2553"]
[BlackElo "2856"]
[TimeControl "180+1"]
[EndTime "8:17:38 PST"]
[Termination "Cayse won by resignation"]

1. Nf3 Nf6 2. g3 d5 3. Bg2 e6 4.
O-O Be7 5. d3 O-O 6. Nbd2 Nc6 7.
d4 b6 8. c4 Bb7 9. cxd5 exd5 10. a3 Ne4 11. Qc2 Bf6 12. e3 Nxd2 13. Bxd2 Ne7 14.
Rac1 c6 15. b4 Re8 16. Ne5 Rc8 17. f4 Rc7 18. Kh1 Bc8 19. e4 dxe4 20. Bxe4 g6 21.
b5 c5 22. dxc5 Bxe5 23. fxe5 Rxc5 24. Qb2 Bf5 25. Bg2 Bd3 26. Rf2 Rxb5 27. Qa2 Bf5 28. Bg5 Rxe5 29. Bf6 Re6 30. Qb2 Qd6 31. Bc3 Rc8 32. Rd2 Qb8 33. Bh8 Rxc1+ 34. Qxc1 Kxh8 35. Qd1 Qe5 36. h3 Qe1+ 37. Qxe1 Rxe1+ 38. Kh2 Kg7 39. Rd8 Be4 40. Bxe4 Rxe4 41. Rd7 a5 42.
Kg1 h5 43. Kf2 Re6 0-1

[Event "Early-Titled-Tuesday-Blitz-November-28-2023"]
[Site "Chess.com"]
[Date "2023.11.28"]
[Round "2"]
[White "KuzubovYuriy"]
[Black "Shuvalov"]
[Result "1-0"]
[WhiteElo "2885"]
[BlackElo "2573"]
[TimeControl "180+1"]
[EndTime "8:17:39 PST"]
[Termination "KuzubovYuriy won by checkmate"]

1. d4 Nf6 2. c4 g6 3. f3 d5 4. cxd5 Nxd5 5. e4 Nb6 6. Nc3 Bg7 7. Be3 Nc6 8. Bb5 O-O 9. Nge2 e5 10. d5 Na5 11. b3 c6 12. dxc6 Nxc6 13. Bxc6 bxc6 14. O-O Ba6 15. Qc2 Qd3 16. Qc1 Qd7 17. Rd1 Qe6 18.
Qa3 Bxe2 19. Nxe2 Rfc8 20. Rac1 Bf8 21. Qa6 Qe7 22. Rc2 Qa3 23. Qxa3 Bxa3 24. Nc1 f6 25. Kf2 Kf7 26. Nd3 Ke6 27. Rc3 Be7 28. Rdc1 Kd7 29. Ke2 Rab8 30. h4 Rb7 31. Bc5 Bd8 32. h5 g5 33. Nf2 Na8 34. Ng4 Ke6 35. Rd3 Rd7 36. Rxd7 Kxd7 37. Rd1+ Ke8 38. Rd6 Kf7 39. Rd7+ Ke6 40.
Rxh7 Bb6 41. Re7# 1-0

[Event "Early-Titled-Tuesday-Blitz-November-28-2023"]
[Site "Chess.com"]
[Date "2023.11.28"]
[Round "2"]
[White "Pasmendjambvirgulptipon98"]
[Black "Actuary44"]
[Result "0-1"]
[WhiteElo "2166"]
[BlackElo "2457"]
[TimeControl "180+1"]
[EndTime "8:17:39 PST"]
[Termination "Actuary44 won by resignation"]

1. Nf3 d6 2. d4 Nf6 3. g3 g6 4. Bg2 Bg7 5. O-O O-O 6. c4 Nfd7 7. Nc3 Nc6 8. e4 e5 9. Be3 h6 10. dxe5 Ndxe5 11. Nxe5 Nxe5 12. Qe2 Be6 13. b3 Nxc4 14. bxc4 Bxc3 15. Rac1 Bg7 16. f4 f5 17. exf5 Bxf5 18. Bxb7 Bh3 19. Bxa8 Qxa8 20. Rf2 Re8 21. Qf3 Qxf3 22.
Rxf3 Bg4 23. Kf2 Rb8 24. Rc2 a5 25. Bd2 Bd4+ 26. Kg2 Bf5 27. Rc1 Rb2 28. Rd1 Be4 29. a4 Be3 30. g4 Rxd2+ 31. Rxd2 Bxd2 32. Kg3 Bxf3 33. Kxf3 Kf7 34. Ke4 Ke6 35. f5+ gxf5+ 36. gxf5+ Kf6 37. Kd5 Kxf5 38. Kc6 Bf4 39. Kxc7 d5+ 40.
Kc6 dxc4 41. Kb5 c3 42. Kxa5 c2 43. Kb4 c1=Q 44. Kb3 Qc5 45. a5 Qxa5 46. Kc2 Qb4 47. Kd3 Be5 48. Ke2 Qb2+ 0-1

[Event "Early-Titled-Tuesday-Blitz-November-28-2023"]
[Site "Chess.com"]
[Date "2023.11.28"]
[Round "2"]
[White "jcmesafischer"]
[Black "Zavgorodniy_Sergiy"]
[Result "0-1"]
[WhiteElo "2315"]
[BlackElo "2685"]
[TimeControl "180+1"]
[EndTime "8:17:40 PST"]
[Termination "Zavgorodniy_Sergiy won on time"]

1. e4 e5 2. Nf3 d6 3. d4 exd4 4. Nxd4 Nf6 5. Nc3 Be7 6. g3 Bg4 7. f3 Bd7 8. Bg2 c5 9. Nde2 b5 10. O-O Bc6 11. Nf4 O-O 12. Be3 Nbd7 13. a3 Nb6 14. b3 a5 15. Ncd5 Nfxd5 16. Nxd5 Nxd5 17. exd5 Bd7 18. Qd2 Bf6 19. Rad1 a4 20. b4 cxb4 21.
Qxb4 Qc7 22. Bf4 Qc5+ 23. Qxc5 dxc5 24. Bd6 Rfc8 25. f4 Ra6 26. Be5 b4 27. d6 b3 28.
Bb7 Rac6 29. Bxc8 Rxc8 30. c3 Bd8 31. Rfe1 f6 32. Re4 fxe5 33. fxe5 Kf7 34. Rf1+ Ke6 35. Rg4 g6 36. Rgf4 Bg5 37. Rf7 b2 38. h4 b1=Q 0-1

[Event "Early-Titled-Tuesday-Blitz-November-28-2023"]
[Site "Chess.com"]
[Date "2023.11.28"]
[Round "2"]
[White "Logman74"]
[Black "MITerryble"]
[Result "0-1"]
[WhiteElo "2608"]
[BlackElo "2959"]
[TimeControl "180+1"]
[EndTime "8:17:41 PST"]
[Termination "MITerryble won on time"]

1. e4 e6 2. d4 d5 3. Nd2 Be7 4. Ngf3 Nf6 5. e5 Nfd7 6. Bd3 c5 7. c3 Nc6 8. O-O g5 9. Bb5 cxd4 10. Nxd4 Ndxe5 11. N2f3 Bd7 12. Nxc6 Nxf3+ 13. Qxf3 bxc6 14. Ba4 O-O 15. Re1 f6 16. b4 a6 17. a3 Bd6 18. c4 Qc7 19. h3 Rae8 20. Bb2 Rf7 21. Rac1 Qb7 22. Rcd1 Bf8 23. Qh5 Bg7 24. Bc2 Bh8 25.
Re3 e5 26. cxd5 cxd5 27. Rg3 Be6 28. h4 g4 29. Bb3 Bg7 30. Rxg4 Bxg4 31. Bxd5 Bxh5 32.
Bxb7 Rxb7 0-1

[Event "Early-Titled-Tuesday-Blitz-November-28-2023"]
[Site "Chess.com"]
[Date "2023.11.28"]
[Round "2"]
[White "Msb2"]
[Black "SashaKuzhilniy"]
[Result "1-0"]
[WhiteElo "3040"]
[BlackElo "2627"]
[TimeControl "180+1"]
[EndTime "8:17:42 PST"]
[Termination "Msb2 won by resignation"]

1. d4 d5 2. c4 c6 3. Nf3 Nf6 4. Nc3 e6 5. Qc2 dxc4 6. e4 b5 7. Be2 Bb7 8. O-O Be7 9. Rb1 O-O 10. b3 cxb3 11. Rxb3 a6 12. Bd3 h6 13. Qe2 c5 14. dxc5 Nfd7 15. Rb1 Nxc5 16. Bc2 Nc6 17. e5 Nd4 18. Nxd4 Qxd4 19. Bb2 Qc4 20. Qxc4 bxc4 21. Ba3 Rab8 22. Na4 Rfc8 23. Nb6 Rd8 24. Nxc4 Bd5 25. Nd6 Ne4 26. Rxb8 Rxb8 27. h3 Kf8 28. Bxe4 Bxe4 29. Nxe4 Bxa3 30. Rd1 Ke7 31. Rd3 Rb1+ 32. Kh2 Bb4 33.
a3 Be1 34. f4 Rb5 35. Rd1 Ba5 36. Rc1 g5 37. g3 Rb2+ 38. Kh1 gxf4 39. gxf4 Bd2 40.
Rc7+ Kf8 41. Nf6 h5 42. Nxh5 Rb3 43. Rc8+ Ke7 44. Nf6 Rxh3+ 45. Kg2 Rh2+ 46. Kxh2 Bxf4+ 47. Kh3 Bxe5 48. Ne4 f5 49. Nc5 a5 50. Rc6 Bd6 51.
Nb7 Bxa3 52. Nxa5 Bb4 53. Nc4 Kd7 54. Rb6 Bc5 55. Ra6 Bd4 56. Rd6+ Ke7 57. Rxd4 1-0

[Event "Early-Titled-Tuesday-Blitz-November-28-2023"]
[Site "Chess.com"]
[Date "2023.11.28"]
[Round "2"]
[White "karinachess1"]
[Black "Arvids_Andrejevs"]
[Result "0-1"]
[WhiteElo "2597"]
[BlackElo "2405"]
[TimeControl "180+1"]
[EndTime "8:17:44 PST"]
[Termination "Arvids_Andrejevs won by resignation"]

1. d4 Nf6 2. c4 c5 3. d5 b5 4. cxb5 a6 5. b6 Qxb6 6. Nc3 Bb7 7. Nf3 g6 8. e4 d6 9. Nd2 Bg7 10. Nc4 Qc7 11. Bd3 O-O 12. O-O Nbd7 13. f4 Nb6 14. Re1 Nxc4 15. Bxc4 Nd7 16. a4 Nb6 17. Bf1 e6 18. a5 Nd7 19. Be3 exd5 20. exd5 Nf6 21.
Bc4 Rfe8 22. Qf3 Bc8 23. h3 Bd7 24. g4 h5 25. f5 Nh7 26. Bd3 hxg4 27. hxg4 Rxe3 28.
Rxe3 Bd4 29. Kg2 Bxe3 30. Qxe3 Qb7 31. Qd2 Rb8 32. Rb1 Bb5 33. Nxb5 Qxd5+ 34. Kf2 Rxb5 35. Qe3 Rb3 36. Rd1 Rxb2+ 37. Be2 Qxd1 38. Qe8+ Kg7 39. fxg6 Qxe2+ 40. Qxe2 Rxe2+ 41. Kxe2 Kxg6 0-1

[Event "Early-Titled-Tuesday-Blitz-November-28-2023"]
[Site "Chess.com"]
[Date "2023.11.28"]
[Round "2"]
[White "AC_20"]
[Black "IljaZaragatski"]
[Result "0-1"]
[WhiteElo "2369"]
[BlackElo "2629"]
[TimeControl "180+1"]
[EndTime "8:17:44 PST"]
[Termination "IljaZaragatski won by resignation"]

1. e4 e6 2. d4 d5 3. Nd2 Nc6 4. Ngf3 Nf6 5. Bd3 Nb4 6. e5 Nxd3+ 7. cxd3 Nd7 8. O-O b6 9. a3 c5 10. Re1 Ba6 11. Nf1 Be7 12. b3 O-O 13. Bb2 c4 14.
dxc4 dxc4 15. b4 Bb7 16. Ne3 b5 17. d5 exd5 18. Nxd5 Nb6 19. Nxb6 Qxb6 20. Qc2 Rad8 21. Rad1 Rxd1 22. Rxd1 Rd8 23. Nd4 Qg6 24. Qxg6 hxg6 25. Re1 a6 26. Bc3 Kf8 27. f4 Rd5 28. e6 Bf6 29. e7+ Bxe7 30. Nf3 Bd6 31. Ng5 Rd3 32. Be5 Bxe5 33. Rxe5 f6 34. Ne6+ Kf7 35. Re2 Rxa3 36.
Nc5 Bc8 37. Rd2 c3 38. Rd1 c2 39. Rc1 Rc3 40. Kf2 a5 41. bxa5 Rxc5 0-1

[Event "Early-Titled-Tuesday-Blitz-November-28-2023"]
[Site "Chess.com"]
[Date "2023.11.28"]
[Round "2"]
[White "Fh2411"]
[Black "Volodar_Murzin"]
[Result "0-1"]
[WhiteElo "2572"]
[BlackElo "2891"]
[TimeControl "180+1"]
[EndTime "8:17:45 PST"]
[Termination "Volodar_Murzin won on time"]

1. d4 Nf6 2. c4 g6 3. Nc3 Bg7 4. Bg5 d6 5. Nf3 Nbd7 6. e3 O-O 7. Be2 b6 8. O-O Bb7 9. Qc2 Re8 10. Rfd1 Qc8 11. b4 e5 12. Rac1 exd4 13. exd4 Ne4 14. Nxe4 Bxe4 15. Qd2 a5 16. b5 Qb7 17. Rc3 Re6 18.
Ne1 Rae8 19. Bf1 h5 20. h4 Bf5 21. Re3 Rxe3 22. Bxe3 Nf6 23. g3 Qe4 24. Bg2 Qe6 25. Nd3 Qxc4 26. Bc6 Re7 27. Nf4 Be4 28. Rc1 Qa4 29.
Qb2 Bxc6 30. bxc6 Re8 31. Ne2 Nd5 32. Nc3 Nxc3 33. Rxc3 Bxd4 34. Bxd4 Qxd4 35. Qc2 Re1+ 36. Kg2 Qe4+ 37. Qxe4 Rxe4 38. Kf3 Re5 0-1

[Event "Early-Titled-Tuesday-Blitz-November-28-2023"]
[Site "Chess.com"]
[Date "2023.11.28"]
[Round "2"]
[White "dcremisi"]
[Black "platy3"]
[Result "0-1"]
[WhiteElo "2576"]
[BlackElo "2893"]
[TimeControl "180+1"]
[EndTime "8:17:46 PST"]
[Termination "platy3 won by checkmate"]

1. d4 Nf6 2. c4 g6 3. Nc3 Bg7 4. e4 d6 5. h3 e5 6. dxe5 dxe5 7. Qxd8+ Kxd8 8. Bg5 c6 9. O-O-O+ Nd7 10. Nf3 Ke8 11.
Be2 Ng8 12. Rd2 f6 13. Be3 Bh6 14. Bxh6 Nxh6 15. Rhd1 Nf7 16. Ne1 Nc5 17. b4 Ne6 18. Bg4 h5 19. Bxe6 Bxe6 20. c5 b5 21. a3 a5 22. Nc2 Ke7 23. Kb2 h4 24. Ne1 axb4 25. axb4 Ra7 26. Ra1 Rxa1 27. Kxa1 g5 28. Nc2 g4 29. hxg4 Bxg4 30. Ne3 Be6 31. Kb2 h3 32. gxh3 Ng5 33. Rd6 Rxh3 34. Rxc6 Rf3 35. Ned5+ Kf7 36. Nxb5 Rxf2+ 37. Ka3 Nxe4 38. Nd6+ Nxd6 39. Rxd6 Rd2 40.
Nc3 Rc2 41. Rd3 e4 42. Re3 f5 43. b5 f4 44. Rxe4 Rxc3+ 45. Kb4 Rb3+ 46. Ka4 f3 47. b6 Bd5 48. Rf4+ Ke6 49. Rf8 Rb1 50. Ka5 Rb2 51.
Re8+ Kd7 52. Re5 Kc6 53. Ka6 Ra2# 0-1

[Event "Early-Titled-Tuesday-Blitz-November-28-2023"]
[Site "Chess.com"]
[Date "2023.11.28"]
[Round "2"]
[White "Grandelicious"]
[Black "elmusmolamas"]
[Result "1/2-1/2"]
[WhiteElo "2892"]
[BlackElo "2591"]
[TimeControl "180+1"]
[EndTime "8:17:47 PST"]
[Termination "Game drawn by agreement"]

1. d4 Nf6 2. c4 c6 3. Nc3 d5 4. Nf3 dxc4 5. a4 e6 6. e3 c5 7.
Bxc4 cxd4 8. exd4 Be7 9. O-O Nc6 10. Be3 O-O 11. Qe2 Nb4 12. Rad1 Bd7 13. Ne5 Bc6 14. Nxc6 bxc6 15. Bf4 Qa5 16. Be5 Rfd8 17. Kh1 Nbd5 18. Qc2 Nd7 19. Bg3 N7b6 20. Bb3 Rac8 21.
Ne4 Nf6 22. Nc5 Bxc5 23. dxc5 Rxd1 24. Rxd1 Nbd5 25. h3 Qb4 26. Qc4 Qxc4 27. Bxc4 Ne4 28. Bxd5 exd5 29. b4 Nxg3+ 30. fxg3 a5 31. bxa5 Ra8 32.
Rb1 Kf8 33. Rb6 Rxa5 34. Rxc6 Rxa4 35. Rd6 d4 36. Kh2 Rc4 37. c6 Ke7 38. Rd7+ Ke6 39. g4 Rxc6 40. Rxd4 h6 41. Ra4 Kf6 42. Ra8 Kg6 43.
Rf8 Rc7 44. Rh8 Rb7 45. h4 f6 46. Kh3 Rb3+ 47. g3 Rb7 48. Rd8 Rb3 49. Rd7 Rb5 50. Ra7 Rc5 51. Rb7 Ra5 52. Rb8 Rc5 1/2-1/2

[Event "Early-Titled-Tuesday-Blitz-November-28-2023"]
[Site "Chess.com"]
[Date "2023.11.28"]
[Round "2"]
[White "blank0923"]
[Black "chito89"]
[Result "1-0"]
[WhiteElo "2590"]
[BlackElo "2854"]
[TimeControl "180+1"]
[EndTime "8:17:47 PST"]
[Termination "blank0923 won by resignation"]

1. e4 c5 2. Nc3 e6 3. g3 Nc6 4.
Nge2 Nf6 5. Bg2 d6 6. O-O Be7 7. d3 O-O 8. h3 Rb8 9. a4 a6 10. f4 d5 11. g4 dxe4 12. Nxe4 Nxe4 13. dxe4 Qxd1 14. Rxd1 b5 15. axb5 axb5 16. e5 Bb7 17. Rd7 c4 18. Be3 Bh4 19. Rxb7 Rxb7 20. Bxc6 Rbb8 21.
Kg2 b4 22. Kf3 Rfd8 23. Nd4 h6 24. Be4 Rdc8 25. Nc6 Rb7 26. Ra4 b3 27. c3 Rd7 28. Bd4 g6 29. Rxc4 Kg7 30. Ra4 f5 31. exf6+ Bxf6 32. Ne5 Rdc7 33. Ra3 g5 34. Rxb3 gxf4 35.
Kxf4 Rf8 36. Ke3 Bg5+ 37. Ke2 Kg8 38. Nf3 Bf4 39. Rb6 Re8 40. Ra6 Rb8 41. b4 Re8 42. Ne5 h5 43. gxh5 Rh7 44. Bxh7+ 1-0

[Event "Early-Titled-Tuesday-Blitz-November-28-2023"]
[Site "Chess.com"]
[Date "2023.11.28"]
[Round "2"]
[White "Manukyan_Artak"]
[Black "Zapateado"]
[Result "1/2-1/2"]
[WhiteElo "2583"]
[BlackElo "2361"]
[TimeControl "180+1"]
[EndTime "8:17:47 PST"]
[Termination "Game drawn by agreement"]

1. e4 c5 2. Nf3 g6 3. c3 Bg7 4.
d4 cxd4 5. cxd4 d5 6. exd5 Nf6 7. Bb5+ Nbd7 8. Nc3 O-O 9. Bxd7 Bxd7 10. Qb3 Qb6 11. Qxb6 axb6 12. Ne5 Bf5 13. O-O Ra5 14. Bd2 Nxd5 15.
Nxd5 Rxd5 16. Bc3 b5 17. a3 Rfd8 18. f4 h5 19. Rfe1 Bxe5 20. Rxe5 Rxe5 21. fxe5 Be6 22. Kf2 Bd5 23. Rg1 f6 24. g4 hxg4 25. Rxg4 Kf7 26. h4 Rh8 27. Kg3 Rh5 28. Rf4 Ke6 29. Rf2 g5 30. hxg5 Rxg5+ 31. Kh2 f5 32. Kh3 Be4 33. Kh4 Rg4+ 34. Kh5 Rg1 35. Kh6 Kf7 36.
d5 Rg6+ 37. Kh5 Rg2 38. e6+ Ke8 39. Rxg2 Bxg2 40. Kg5 Bxd5 41. Kxf5 Kd8 42. Ke5 Bb3 43. Bb4 Ke8 44. Bc5 Ba2 45. Bb6 Bc4 46. Bd4 Bb3 47. Be3 Bc4 48. Bg5 Bb3 49. Bh4 Bc4 50. Bf2 Bb3 51. Bb6 Bc4 52. Bc5 Bb3 1/2-1/2

[Event "Early-Titled-Tuesday-Blitz-November-28-2023"]
[Site "Chess.com"]
[Date "2023.11.28"]
[Round "2"]
[White "MelihKaanCan"]
[Black "Timerkhanov"]
[Result "0-1"]
[WhiteElo "2401"]
[BlackElo "2688"]
[TimeControl "180+1"]
[EndTime "8:17:48 PST"]
[Termination "Timerkhanov won by resignation"]

1. e4 c6 2. d4 d5 3. exd5 cxd5 4. Bd3 Nc6 5. c3 Nf6 6. h3 g6 7. Nf3 Bf5 8. Ne5 Bxd3 9. Nxd3 Bg7 10. Bf4 O-O 11. Nd2 Ne4 12. O-O Nxd2 13. Qxd2 e6 14. Rae1 b5 15. Bh6 a5 16. Bxg7 Kxg7 17. Qf4 b4 18. Nc5 Qb8 19. Qg5 Qd6 20. h4 h6 21.
Qg4 h5 22. Qf3 bxc3 23. bxc3 Rab8 24. Rb1 Rxb1 25. Rxb1 Rb8 26. Qd1 Ne7 27. g3 Nf5 28. Kg2 Rxb1 29. Qxb1 e5 30. Nb7 Qb8 31. dxe5 Qxe5 32.
Nxa5 Qxc3 33. Nb3 d4 34. a4 d3 35. a5 Nd4 36. Nxd4 Qxd4 37. a6 d2 38. Qd1 Qe4+ 39. Kf1 Qd3+ 40. Kg2 Qe4+ 41. Kf1 Qc4+ 42. Kg2 Qc1 43.
Qe2 d1=Q 44. Qe5+ Kh7 45. a7 Qc6+ 46. f3 Qcxf3+ 0-1

[Event "Early-Titled-Tuesday-Blitz-November-28-2023"]
[Site "Chess.com"]
[Date "2023.11.28"]
[Round "2"]
[White "MFBerna"]
[Black "GoValya"]
[Result "0-1"]
[WhiteElo "2448"]
[BlackElo "2222"]
[TimeControl "180+1"]
[EndTime "8:17:48 PST"]
[Termination "GoValya won on time"]

1. d4 g6 2. Nc3 Bg7 3. Bf4 c5 4. e3 cxd4 5. exd4 d6 6. Nf3 Nf6 7.
Be2 Nc6 8. O-O O-O 9. d5 Nb8 10.
Re1 Nbd7 11. Qd2 Nc5 12. Bf1 Bf5 13. Nd4 Nfe4 14. Nxe4 Nxe4 15. Qe3 Qb6 16. Nxf5 gxf5 17. Qxb6 axb6 18. c3 Ra5 19. f3 Nf6 20. Rxe7 Nxd5 21. Bxd6 Nxe7 22. Bxe7 Re8 23. Bb4 Rd5 24. Bc4 Rd2 25.
Ba3 Bh6 26. Kf1 Be3 27. Bb5 Rf2+ 28. Ke1 Rd8 29. Rd1 Rxd1+ 30. Kxd1 Rxg2 31. h3 Rh2 32. h4 Rxh4 33. Bd7 f4 34. Bd6 Rh2 0-1

[Event "Early-Titled-Tuesday-Blitz-November-28-2023"]
[Site "Chess.com"]
[Date "2023.11.28"]
[Round "2"]
[White "Gabix_94"]
[Black "jup1978"]
[Result "1-0"]
[WhiteElo "2756"]
[BlackElo "2524"]
[TimeControl "180+1"]
[EndTime "8:17:49 PST"]
[Termination "Gabix_94 won by resignation"]

1. d4 Nf6 2. Nc3 d5 3. Bf4 Bf5 4. e3 e6 5. Nf3 Bd6 6. Ne5 Bxe5 7.
dxe5 Ne4 8. Nxe4 Bxe4 9. Qd2 Nd7 10. f3 Bg6 11. h4 h5 12. O-O-O Qe7 13. Kb1 O-O-O 14.
Be2 Nb6 15. b3 Kb8 16. Qc3 Nd7 17. Kb2 Qc5 18. Qxc5 Nxc5 19. Bg5 Rc8 20. Rd2 Nd7 21.
Bf4 Nb6 22. a4 a5 23. Rh3 c5 24. Bd1 c4 25. Rd4 Rc6 26. e4 dxe4 27. fxe4 Rhc8 28. Rc3 cxb3 29. Rxc6 Rxc6 30. cxb3 Rc7 31. g4 hxg4 32.
Bxg4 Rd7 33. Kc3 Kc7 34. h5 Bh7 35. Bg5 Rxd4 36. Kxd4 Nd7 37. Be7 Kc6 38. Be2 b6 39.
Bd6 Kb7 40. Bb5 Kc8 41. Ke3 Nc5 42. Be8 Nxe4 43. Bf8 Nc5 44. Bxf7 Kd7 45. Bxg7 Nxb3 46. Bf8 Nc5 47. Bxc5 bxc5 48. Kd2 Kc6 49. Bxe6 c4 50.
Bxc4 Kc5 51. Bd3 Bg8 52. Ke3 Kd5 53. Kf4 Kd4 54. Bf5 Kc5 55. h6 1-0

[Event "Early-Titled-Tuesday-Blitz-November-28-2023"]
[Site "Chess.com"]
[Date "2023.11.28"]
[Round "2"]
[White "Fore_Man"]
[Black "GothamChess"]
[Result "1-0"]
[WhiteElo "2377"]
[BlackElo "2684"]
[TimeControl "180+1"]
[EndTime "8:17:49 PST"]
[Termination "Fore_Man won on time"]

1. d4 d5 2. c4 e6 3. Nf3 a6 4. Nc3 dxc4 5. a4 Nc6 6. e3 Na5 7. Ne5 Bb4 8. Nxc4 c5 9. Ne5 Nf6 10. Be2 Ne4 11. Qc2 cxd4 12. Qxe4 Nb3 13. O-O f5 14.
Qf3 O-O 15. Rb1 Nxc1 16. Rfxc1 dxc3 17. bxc3 Bd6 18. Rd1 Qc7 19. Nc4 Bxh2+ 20. Kh1 Be5 21.
a5 Rb8 22. Nb6 Qxc3 23. Bc4 Kh8 24. Rdc1 Qxa5 25. Nxc8 Rbxc8 26. Bxe6 Rxc1+ 27. Rxc1 f4 28. exf4 Bxf4 29. Qxf4 Re8 30. Qf7 Rb8 31. Rc7 Qa1+ 32. Kh2 h6 33. Bf5 Qe5+ 34. g3 Rg8 35. Qg6 1-0

[Event "Early-Titled-Tuesday-Blitz-November-28-2023"]
[Site "Chess.com"]
[Date "2023.11.28"]
[Round "2"]
[White "brunoo2003"]
[Black "Zainullina_Nataliya"]
[Result "1-0"]
[WhiteElo "2454"]
[BlackElo "2137"]
[TimeControl "180+1"]
[EndTime "8:17:49 PST"]
[Termination "brunoo2003 won by resignation"]

1. b3 d5 2. Bb2 Bf5 3. Nf3 e6 4. e3 Nf6 5. Bd3 Bxd3 6. cxd3 Be7 7. O-O Nbd7 8. d4 O-O 9. Nc3 c5 10. dxc5 Nxc5 11. Qe2 a6 12. Rac1 Rc8 13. d3 b5 14.
Rc2 Rc7 15. Rfc1 Qd7 16. Ne5 Qd6 17. b4 Qxe5 18. Nxb5 Qf5 19. Nxc7 Nxd3 20. Rd1 Nxb4 21. Rcd2 Ne4 22. Rd4 Nc6 23. Ra4 a5 24. Nb5 h6 25.
Nd4 Nxd4 26. Bxd4 Bb4 27. a3 Bd6 28. f3 Ng5 29. Rxa5 Rc8 30. Qd3 Qxd3 31. Rxd3 Rc1+ 32. Kf2 Rc2+ 33. Kf1 Rc1+ 34. Ke2 Rc2+ 35. Rd2 Rc1 36.
h4 Bg3 37. hxg5 e5 38. Bb2 Rb1 39. Raxd5 1-0

[Event "Early-Titled-Tuesday-Blitz-November-28-2023"]
[Site "Chess.com"]
[Date "2023.11.28"]
[Round "2"]
[White "tacticthunder"]
[Black "CristianS27"]
[Result "0-1"]
[WhiteElo "2822"]
[BlackElo "2582"]
[TimeControl "180+1"]
[EndTime "8:17:50 PST"]
[Termination "CristianS27 won by checkmate"]

1. e4 e5 2. Nf3 Nc6 3. Bb5 a6 4. Ba4 Nf6 5. Bxc6 dxc6 6. d3 Bc5 7. O-O Qe7 8. a3 a5 9. b3 O-O 10. Bb2 Nd7 11. Nbd2 f6 12. Re1 Re8 13. c3 Nf8 14. d4 exd4 15. cxd4 Bb6 16. Nc4 Bg4 17.
h3 Bh5 18. g4 Bf7 19. Qc2 Rad8 20. Rad1 Ng6 21. Bc1 Bxc4 22. bxc4 c5 23. d5 c6 24. Qb3 Bc7 25. Kh1 Bf4 26. Bb2 Ne5 27. Nh4 g6 28.
Ng2 g5 29. Nxf4 gxf4 30. Bxe5 fxe5 31. Rb1 Qh4 32. Qf3 Rd7 33. Rb6 cxd5 34. exd5 e4 35. Rxe4 Rxe4 36. Qxe4 Qxh3+ 37. Kg1 Qxg4+ 38. Qg2 Rg7 39.
Qxg4 Rxg4+ 40. Kf1 f3 41. Rxb7 Rxc4 42. Rb5 Rc1# 0-1

[Event "Early-Titled-Tuesday-Blitz-November-28-2023"]
[Site "Chess.com"]
[Date "2023.11.28"]
[Round "2"]
[White "ContrVersia"]
[Black "millenium19"]
[Result "1-0"]
[WhiteElo "2883"]
[BlackElo "2499"]
[TimeControl "180+1"]
[EndTime "8:17:50 PST"]
[Termination "ContrVersia won by resignation"]

1. Nf3 d5 2. c4 d4 3. b4 c5 4. Bb2 cxb4 5. Bxd4 Nc6 6. Bb2 Nf6 7. d4 e6 8. Nbd2 Be7 9. e4 O-O 10. Bd3 e5 11. d5 Nd4 12. Nxe5 Bc5 13. Nb3 Nxb3 14. axb3 Re8 15. O-O Qc7 16. Nf3 Nxe4 17. Qc2 f5 18. Rae1 Qf4 19. Bd4 Bd7 20. Qb2 Bf8 21. Ne5 Rad8 22.
g3 Qh6 23. f3 Nc3 24. Nxd7 Rxe1 25. Rxe1 Rxd7 26. Bxf5 Rd6 27. Be6+ Kh8 28. f4 Qh5 29.
Bxc3 bxc3 30. Qxc3 Ra6 31. Qc2 Bc5+ 32. Kg2 Bb4 33.
Bg4 Qf7 34. Re6 Rxe6 35. Bxe6 Qf6 36. c5 Qd4 37. c6 bxc6 38. dxc6 Bc5 39. c7 Qg1+ 40.
Kh3 Qf1+ 41. Qg2 1-0

[Event "Early-Titled-Tuesday-Blitz-November-28-2023"]
[Site "Chess.com"]
[Date "2023.11.28"]
[Round "2"]
[White "kunaevchess"]
[Black "Politov_Pavel"]
[Result "0-1"]
[WhiteElo "2380"]
[BlackElo "2132"]
[TimeControl "180+1"]
[EndTime "8:17:50 PST"]
[Termination "Politov_Pavel won by resignation"]

1. e4 c5 2. d4 cxd4 3. Qxd4 Nc6 4. Qd3 Nf6 5. Nc3 e6 6. Qg3 a6 7. Bf4 Nh5 8. Qg4 Nxf4 9. Qxf4 Be7 10. Qg3 O-O 11. Nf3 b5 12. Bd3 Bb7 13. O-O Nb4 14.
Rad1 Nxd3 15. Rxd3 b4 16. Ne2 Bxe4 17. Rd4 Bxc2 18.
Ne5 d5 19. Nc6 Qd6 20. Nxe7+ Qxe7 21. Qe5 Rfd8 22. Nf4 Qf6 23. Qxf6 gxf6 24. Nh5 Bg6 25.
Nxf6+ Kg7 26. Ng4 Rdb8 27. Rc1 b3 28. axb3 Rxb3 29. Rd2 Rab8 30. h3 Rxb2 31. Rd4 Rb1 32. Rxb1 Rxb1+ 33. Kh2 a5 34. Ra4 Rb5 35. Ne3 Kf8 36. Nd1 Bc2 37. Nc3 Bxa4 38. Nxa4 Rb4 39. Nc5 a4 40. Nd3 Rb3 41. Nb4 Rxb4 42. Kg3 a3 0-1

[Event "Early-Titled-Tuesday-Blitz-November-28-2023"]
[Site "Chess.com"]
[Date "2023.11.28"]
[Round "2"]
[White "HalfIsCrayfish"]
[Black "AjedrezenMadrid"]
[Result "1-0"]
[WhiteElo "2634"]
[BlackElo "2374"]
[TimeControl "180+1"]
[EndTime "8:17:51 PST"]
[Termination "HalfIsCrayfish won by checkmate"]

1. d4 Nf6 2. c4 e6 3. Nf3 b6 4. g3 Bb7 5. Bg2 Bb4+ 6. Bd2 Bxd2+ 7. Qxd2 O-O 8. O-O d6 9. d5 exd5 10. Nh4 Ne4 11. Qc2 Re8 12. Nd2 Nd7 13. cxd5 Nxd2 14. Qxd2 a5 15. Rac1 Nc5 16. Rfe1 Qf6 17. e4 g6 18. h3 Re7 19. Kh2 Rae8 20. f3 Ba6 21.
Rc3 b5 22. Rce3 b4 23. f4 Qg7 24. Nf3 h6 25. e5 g5 26. exd6 Rxe3 27. Rxe3 Rxe3 28.
Qxe3 cxd6 29. fxg5 hxg5 30. Nxg5 Bb5 31. h4 Nd3 32. Qe7 Qf8 33. Qf6 Ne5 34. Qf5 Bd3 35. Qf4 f6 36. Ne6 Qf7 37. Be4 Bxe4 38. Qxe4 f5 39.
Qf4 Ng4+ 40. Kh3 Qa7 41. Qg5+ Kf7 42. Qg7+ Ke8 43. Qf8+ Kd7 44. Qd8# 1-0

[Event "Early-Titled-Tuesday-Blitz-November-28-2023"]
[Site "Chess.com"]
[Date "2023.11.28"]
[Round "2"]
[White "vovachesss"]
[Black "Viacheslav92"]
[Result "1-0"]
[WhiteElo "2866"]
[BlackElo "2564"]
[TimeControl "180+1"]
[EndTime "8:17:53 PST"]
[Termination "vovachesss won by resignation"]

1. e4 e5 2. Nf3 Nc6 3. Nc3 Nf6 4. d4 exd4 5. Nxd4 Bc5 6. Nxc6 bxc6 7. Bd3 O-O 8. O-O Re8 9. h3 d5 10. exd5 cxd5 11. Qf3 c6 12. Bg5 h6 13. Bh4 Rb8 14. Na4 Bd6 15. b3 Rb4 16. c4 Be6 17. Bxf6 Qxf6 18.
Qxf6 gxf6 19. cxd5 cxd5 20. Rac1 Rc8 21. Rxc8+ Bxc8 22.
Rc1 Be6 23. Kf1 Kg7 24. Rc6 Be5 25. Nc5 Rb6 26. Rxb6 axb6 27. Na4 Bd4 28. Bb5 Bf5 29. Bc6 Bb1 30. Ke2 Bxa2 31. Kd3 Bxf2 32. Kc2 Bd4 33.
Bxd5 f5 34. Nb2 Kf6 35. Nd3 Bc5 36. Nxc5 bxc5 37. Kb2 Ke5 38. Bxf7 Bxb3 39. Kxb3 Kf4 40. Kc4 Kg3 41. Bd5 f4 42. Bf3 h5 43. Kxc5 h4 44.
Kd5 1-0